 Dungeon Crawl Stone Soup version 0.15-a0-413-gc6111ba (webtiles) character file.

50 4tharraofdagon the Ruffian (level 3, -2/34 HPs)
             Began as a Naga Monk on May 5, 2014.
             Slain by an orc
             ... wielding a +0,+2 short sword
              (7 damage)
             ... on Level 3 of the Dungeon.
             The game lasted 00:01:57 (335 turns).

4tharraofdagon the Ruffian (Naga Monk)               Turns: 335, Time: 00:01:57

HP  -2/34        AC  2     Str 14      XL: 3   Next:  2%
MP   3/3         EV 10     Int 10      God:
Gold 26          SH  0     Dex 13      Spells:  0 memorised,  2 levels left

rFire  . . .     SeeInvis +       - Unarmed
rCold  . . .     Clarity  .     a - +0 robe
rNeg   . . .     Conserve .     (no shield)
rPois  +         rCorr    .     (no helmet)
rElec  .         rRot     .     (no cloak)
SustAb . .       Spirit   .     (no gloves)
rMut   .         Warding  .     (no barding)
Saprov . . .     Stasis   .     (no amulet)
MR     .....                    (no ring)
                                (no ring)

@: very slow, not resistant to hostile enchantments, unstealthy
A: spit poison, see invisible, deformed body, poison resistance, slowness 2, AC
+1
a: Spit Poison


You were on level 3 of the Dungeon.
You were not hungry.

You visited 1 branch of the dungeon, and saw 4 of its levels.

You collected 26 gold pieces.

Inventory:

Missiles
 g - 3 javelins (quivered)
Armour
 a - a +0 robe (worn)
Comestibles
 b - a bread ration
 c - 2 meat rations
 f - an apple
Books
 d - a book of Unlife

   Spells                             Type                      Level
   Recall                             Summoning/Translocation      3
   Animate Dead                       Necromancy                   4
   Control Undead                     Necromancy                   4
   Twisted Resurrection               Necromancy                   5
   Death Channel                      Necromancy                   6
   Simulacrum                         Ice/Necromancy               6


   Skills:
 + Level 3.2 Fighting
 + Level 2.5 Dodging
 + Level 3.3 Stealth
 * Level 4.5 Unarmed Combat


You had 2 spell levels left.
You didn't know any spells.

Dungeon Overview and Level Annotations

Branches:
Dungeon (4/15)
 Temple: D:4-7

Altars:
Okawaru


Innate Abilities, Weirdness & Mutations

You cannot wear boots.
You can spit poison.
Your serpentine skin is tough (AC +1).
You have supernaturally acute eyesight.
Armour fits poorly on your strangely shaped body.
Your system is resistant to poisons.
You cover ground very slowly.


Message History

As you read the scroll labeled UPSOXO FRUAHUI, it crumbles to dust.
You feel aware of your surroundings.
It was a scroll of magic mapping.
The orc hits you but does no damage.
Unknown command.
Unknown command.
Throwing (i - inventory):
g - 5 javelins (quivered)
Press: ? - help, Shift-Dir - straight line, f/p - orc
Aim: an orc wearing a leather armour You throw a javelin.
The javelin barely misses the orc.
The javelin closely misses the orc. x2
The javelin barely misses the orc.
The orc closely misses you.
Throwing (i - inventory):
g - 4 javelins (quivered)
Press: ? - help, Shift-Dir - straight line, f/p - orc
Aim: an orc wearing a leather armour You throw a javelin.
The javelin closely misses the orc.
The javelin hits the orc!
The orc is almost dead.
You have got your breath back.
The orc hits you with a short sword!
You die...

*,,, , *,* *,*,* **,***,
*******#.* *,,,,,,,,* *,*
*###.#### *,,,*** ** *,*
##.,,....# **,** **+* #
#..,,,...# *,********,,, ##
#.#***#..# *, ,,,,**,,,, .## #.#
#.<# **,*#**,*,,,,, ..###.#
#..#######...##*,,,,,,, ..'...#
#(oooo@........,,,,,,,,
..###.#####.########...##*,,,,,,,
.##*#.....o.# **,,# *,*,,,,, ##
#.....o### ,,***,* ,,,, #
#.##.#.# ,,,,, ***,,, #.*#.#.#
**,***** **+* ####.##.#.# *,* *,*
........#o# *,* *,* .###.####.#
*,* **,*


You could see 4 orcs.

Vanquished Creatures
  An adder (D:2)
  A worm (D:2)
  An ooze (D:1)
  A bat (D:3)
  A hobgoblin (D:1)
  A ball python (D:3)
  3 goblins (D:1)
9 creatures vanquished.

Notes
Turn   | Place    | Note
--------------------------------------------------------------
     0 | D:1      | 4tharraofdagon, the Naga Monk, began the quest for the Orb.
     0 | D:1      | Reached XP level 1. HP: 21/21 MP: 1/1
    22 | D:1      | Found an iron altar of Okawaru.
   159 | D:2      | Reached XP level 2. HP: 28/28 MP: 2/2
   259 | D:3      | Reached XP level 3. HP: 6/34 MP: 3/3
   335 | D:3      | Slain by an orc

Action                   || total
-------------------------++-------
Melee: Unarmed           ||    18
Throw: Javelin           ||     2
 Abil: Spit Poison       ||    15
  Use: Potion            ||     3
       Scroll            ||     1

Vault maps used:
D:1:      wheals_arrival_shading, grunt_decor_cap, minivault_24,
          okawaru_ov_weapons_minmay
D:2:      first_bread
D:3:      uniq_jessica, uniq_purgy
D:4:      lemuel_doored_altar
